AoeStats
← CHRISTO LE ROI8

Arena

509004879Analyzed
1v1 RM · 7d ago on Sep 25, 2026· 66m 30s· 2 players
Game mode
Random Map
Map size
Tiny (2 player)
Population
200
Speed
Normal
Resources
Standard
Victory
Conquest
Starting age
Dark Age
Ending age
Imperial Age
RankedLock teamsTeams togetherTeam positionsShared explorationLock speedFull tech treeHidden civsTurbo modeCheats
Victory
Defeat
🇲🇽 Wu · Mexico
972
+18
🇫🇷 Romans · France
1008
-18
Edunavi
10:20 Feudal Age
15:13 Castle Age
13:49 Double-Bit Axe
15:06 Loom
21:17 Horse Collar
29:51 Imperial Age
28:12 Heavy Plow
28:04 Fletching
28:15 Padded Archer Armor
28:31 Bow Saw
29:17 Wheelbarrow
31:17 Sitting Tiger
32:34 Elite Fire Archer
34:32 Conscription
34:11 Bodkin Arrow
34:32 Leather Archer Armor
34:27 Forging
34:23 Scale Barding Armor
34:42 Leather Archer Armor
40:10 Chain Barding Armor
40:25 Iron Casting
39:51 Bracer
42:00 Ballistics
43:57 Light Cavalry
44:47 Bloodlines
44:38 Husbandry
45:31 Hand Cart
45:17 Gold Mining
45:17 Stone Mining
45:36 Heavy Hei Guang Cavalry
49:07 Two-Man Saw
48:23 Masonry
51:20 Blast Furnace
50:59 Plate Barding Armor
50:56 Bracer
58:36 Hussar
CHRISTO LE ROI8
11:39 Feudal Age
12:12 Double-Bit Axe
12:12 Horse Collar
15:16 Wheelbarrow
14:35 Stone Mining
19:37 Castle Age
20:53 Bow Saw
20:46 Heavy Plow
21:54 Pikeman
24:02 Hand Cart
23:44 Man-at-Arms
29:29 Imperial Age
27:36 Squires
26:57 Long Swordsman
29:06 Ballistas
29:16 Forging
29:07 Scale Mail Armor
30:49 Iron Casting
30:37 Conscription
31:03 Crop Rotation
33:02 Chemistry
32:23 Ballistics
33:06 Blast Furnace
32:23 Chain Mail Armor
32:17 Capped Ram
34:06 Legionary
37:41 Bloodlines
36:53 Light Cavalry
37:33 Husbandry
37:46 Scale Barding Armor
38:54 Elite Centurion
43:18 Chain Barding Armor
46:03 Heavy Scorpion
50:38 Elite Skirmisher
51:26 Padded Archer Armor
51:17 Fletching
52:03 Plate Barding Armor
51:25 Fletching
51:36 Padded Archer Armor
56:53 Siege Ram
60:55 Halberdier
Connection lost

Rejoining the realm…

Still unreachable

The connection could not be restored.

Session expired

The server has moved on; the page needs a fresh start.